 Dungeon Crawl Stone Soup version 0.29-a0-577-gafbf2c5d25 (webtiles) character file.

Game seed: 7841764959550988029

2 DocClef the Sneak (level 1, -8/19 HPs)
             Began as a Draconian Delver on June 13, 2022.
             Mangled by a gnoll
             ... wielding a +0 flail
              (12 damage)
             ... on level 6 of the Dungeon.
             The game lasted 00:00:40 (132 turns).

DocClef the Sneak (Draconian Delver)                 Turns: 132, Time: 00:00:41

Health: -8/19      AC:  4    Str: 14    XL:     1   Next: 25%
Magic:  1/1        EV: 12    Int: 10    God:
Gold:   9          SH:  0    Dex: 12    Spells: 0/0 levels left

rFire   . . .      SeeInvis .   a - +0 short sword
rCold   . . .      Faith    .   (no shield)
rNeg    . . .      Spirit   .   (body armour unavailable)
rPois   .          Reflect  .   (helmet restricted)
rElec   .          Harm     .   (no cloak)
rCorr   .          Rampage  .   (no gloves)
Will    .....                   (no boots)
Stlth   +++.......              (no amulet)
HPRegen 0.06/turn               (no ring)
MPRegen 0.07/turn               (no ring)

@: no status effects
A: AC +4, unfitting armour, cold-blooded
a: no special abilities


You were on level 6 of the Dungeon.
You visited 1 branch of the dungeon, and saw 3 of its levels.

You collected 9 gold pieces.

Inventory:

Hand Weapons
 a - a +0 short sword (weapon)
Wands
 f - a wand of digging (3)
Scrolls
 b - a scroll of fog
 c - a scroll of magic mapping
 d - a scroll of fear
 g - a scroll of enchant armour {unknown}
Potions
 e - a potion of haste


   Skills:
 + Level 3.3 Fighting
 + Level 2.0 Short Blades
 + Level 1.8 Dodging
 + Level 4.5 Stealth


You couldn't memorise any spells.
You didn't know any spells.
Your spell library was empty.

Dungeon Overview and Level Annotations

Branches:
Dungeon (7/15)
 Temple: D:4-7

Altars:

Annotations:
D:5 Ijyb
D:7 Joseph


Innate Abilities, Weirdness & Mutations

Your plain brown scales are hard. (AC +4)
You cannot fit into any form of body armour.
You are cold-blooded and may be slowed by cold attacks.


Message History

There is an open door here.
There is a stone staircase leading down here.
You can't go up here!
You climb downwards.
There is a stone staircase leading up here.
A bullfrog comes into view.
Found a scroll labelled WEOSHR KOHERGH and a short sword.
Found a scroll of magic mapping.
g - a scroll labelled WEOSHR KOHERGH A gnoll comes into view.
It is wielding a +0 flail.
A gnoll shaman and a gnoll come into view.
Joseph and a gnoll come into view.
The gnoll shaman shouts!
The gnoll shouts! x2; You hear a shout!
Joseph shouts!
A gnoll comes into view. It is wielding a +0 whip.
Joseph unwields a +0 quarterstaff.
Joseph wields a +0 hunting sling.
Joseph shoots a sling bullet.
The sling bullet barely misses you.
A gnoll comes into view. It is wielding a +0 spear.
The gnoll shouts!
An iguana comes into view.
The iguana hisses angrily.
A scorpion comes into view.
The scorpion moves out of view.
The bullfrog croaks.
A bullfrog comes into view.
There is a stone staircase leading up here.
You climb upwards.
There is a stone staircase leading down here.
You hit the gnoll.
The gnoll is lightly wounded.
The gnoll hits you with a +0 flail. The gnoll hits you but does no damage.
You hit the gnoll but do no damage. The gnoll closely misses you.
The gnoll hits you with a +0 flail!
* * * LOW HITPOINT WARNING * * *
You hit the gnoll but do no damage. The gnoll barely misses you. x2
You hit the gnoll but do no damage.
You tail-slap the gnoll, but do no damage.
The gnoll misses you. The gnoll hits you with a +0 flail!
Ouch! That really hurt!
You die...

#...#.....#
#...#.....#
#...gg....#
#...#...g.#
#...#g....#
#...#.>...#
########...#..g.g#
#.>........#.....#
#..g@g.....#.....#
#..........#.....#
########...#..$..#
###....)##...#
.............#
.............#
.............#
...#
.............#
...#
.###....##...#
....#


You could see 2 gnolls.

Vanquished Creatures
  An orc (D:6)
1 creature vanquished.

Notes
Turn   | Place    | Note
-------+----------+-------------------------------------------
     0 | D:5      | DocClef the Draconian Delver began the quest for the Orb.
     0 | D:5      | Reached XP level 1. HP: 19/19 MP: 1/1
    26 | D:5      | Noticed Ijyb
    92 | D:7      | Noticed a gnoll shaman
    95 | D:7      | Noticed a bullfrog
   106 | D:7      | Noticed a gnoll shaman
   107 | D:7      | Noticed Joseph
   115 | D:7      | Noticed an iguana
   118 | D:7      | Noticed a scorpion
   119 | D:7      | Noticed a bullfrog
   132 | D:6      | Mangled by a gnoll

Illustrated notes

Levels and vault maps discovered:
D:5:      layout_basic, lemuel_doored_altar, gammafunk_ghost_mausoleum,
          lemuel_flamethrower_2, uniq_pikel, uniq_edmund,
          uniq_crazy_yiuf_cottage, uniq_ijyb
D:6:      layout_gridville, ebering_ghost_rock_garden
D:7:      layout_cave_pools, uniq_duvessa, uniq_joseph, uniq_menkaure

Action                   || total
-------------------------++-------
Melee: Short sword       ||     5
       Tailslap          ||     1
 Stab: Sleeping          ||     1
Armor: Skin              ||     1
Dodge: Dodged            ||     5

Table legend: (Time is in decaauts)
 A = Elapsed time spent in this place.
 B = Non-inter-level travel time spent in this place.
 C = Inter-level travel time spent in this place.
 D = Time resting spent in this place.
 E = Time spent auto-exploring this place.
 F = Levels seen in this place.
 G = Mean time per level.
                   A        B        C        D        E       F      G
               +--------+--------+--------+--------+--------+-----+--------+
         Total |    132 |    131 |      1 |      0 |     45 |   3 |   44.0 |
       Dungeon |    132 |    131 |      1 |      0 |     45 |   3 |   44.0 |
               +--------+--------+--------+--------+--------+-----+--------+

Top non-repeatable levels by time:
     D:6: 52 daAuts
     D:5: 48 daAuts
     D:7: 31 daAuts
